 Dungeon Crawl Stone Soup version 0.15-a0-462-gf669498 (webtiles) character file.

746 Quh the Spear-Bearer (level 6, -2/51 HPs)
             Began as a Minotaur Berserker on May 7, 2014.
             Was an Elder of Trog.
             Slain by a kobold (4 damage)
             ... on Level 4 of the Dungeon.
             The game lasted 00:13:56 (3289 turns).

Quh the Spear-Bearer (Minotaur Berserker)           Turns: 3289, Time: 00:13:57

HP  -2/51        AC  6     Str 22      XL: 6   Next: 98%
MP   6/6         EV 10     Int  4      God: Trog [****..]
Gold 238         SH  0     Dex 11      Spells:  0 memorised,  5 levels left

rFire  . . .     SeeInvis .     q - +1 scythe
rCold  . . .     Clarity  .     o - +0 ring mail
rNeg   . . .     Conserve .     (no shield)
rPois  .         rCorr    .     (helmet restricted)
rElec  .         rRot     .     (no cloak)
SustAb . .       Spirit   .     k - +0 pair of gloves
rMut   .         Warding  .     (no boots)
Saprov . . .     Stasis   .     g - amulet of faith
MR     .....                    p - ring of flight
                                v - ring of invisibility

@: lethally poisoned, not resistant to hostile enchantments, very unstealthy
A: retaliatory headbutt, horns 2
a: Burn Spellbooks, Berserk, Trog's Hand, Brothers in Arms, Renounce Religion,
Evoke Invisibility, Evoke Flight


You were on level 4 of the Dungeon.
You worshipped Trog.
Trog was greatly pleased with you.
You were hungry.

You visited 1 branch of the dungeon, and saw 4 of its levels.

You collected 238 gold pieces.

Inventory:

Hand weapons
 a - a +0,+0 spear
 q - a +1,+1 scythe (weapon)
Missiles
 d - 9 bolts
 l - 71 arrows
 w - 44 darts (quivered)
Armour
 b - a +0 animal skin
 k - a +0 pair of gloves (worn)
 o - a +0 ring mail (worn)
Comestibles
 c - 4 bread rations
 f - a choko
 i - an apple
 A - a chunk of hound flesh
Scrolls
 e - 2 scrolls of remove curse
 m - 2 scrolls of immolation {unknown}
 n - 4 scrolls of identify
 s - 2 scrolls of teleportation {unknown}
 u - 2 scrolls of blinking {unknown}
Jewellery
 g - an amulet of faith (around neck)
 p - a ring of flight (right hand)
 r - an uncursed ring of stealth
 v - a ring of invisibility (left hand)
Potions
 h - 3 potions of curing
 j - a potion of agility
 t - a potion of heal wounds
 x - a potion of paralysis {unknown}
 B - a potion of cure mutation {unknown}


   Skills:
 - Level 3.6 Fighting
 * Level 8.4 Polearms
 - Level 2.4 Armour
 - Level 2.1 Dodging
 * Level 3.5 Evocations


You had 5 spell levels left.
You didn't know any spells.

Dungeon Overview and Level Annotations

Branches:
Dungeon (4/15)
 Temple: D:4-7

Altars:
Fedhas
Yredelemnul


Innate Abilities, Weirdness & Mutations

You reflexively headbutt those who attack you in melee.
You have a pair of horns on your head.


Message History

You are more poisoned.
You feel the effects of Trog's Hand fading.
You are feeling hungry.
You feel sick.
The kobold shoots a poisoned needle.
The poisoned needle hits you!
You are more poisoned.
You see here a poisoned needle.
You feel sick.
You feel sick.
You feel sick.
The kobold unwields an uncursed blowgun.
The kobold hits you.
* * * LOW HITPOINT WARNING * * *
You closely miss the kobold.
Your skin stops crawling.
You feel less resistant to hostile enchantments.
* * * LOW HITPOINT WARNING * * *
You feel very sick. The kobold hits you.
You die...

#.# ...# #..[... #.# #..#
####### #..# #..# #..#
#..############ #
##.............
#.#############..###########
.###.....)((..@K....#
.........#########..######
.###.###.# #............#
#.# #.####..####.# #.#
#.#.......# #.# #.#.#####.#
. #.####.#.# #.##.#
#........# #..#.# #####o...#
#..#.#


You could see a kobold.

Vanquished Creatures
  Sigmund (D:2)
  A scorpion (D:4)
  2 hounds
  2 orc priests (D:3)
  An iguana (D:4)
  2 orc wizards
  2 worker ants (D:4)
  6 adders
  A giant mite (D:4)
  A worm (D:2)
  2 giant geckos
  An ooze (D:4)
  2 orcs
  2 ball pythons
  3 giant cockroaches
  8 hobgoblins
  7 jackals (D:3)
  2 quokkas
  10 bats
  A giant gecko skeleton (D:3)
  6 giant newts
  6 goblins
  2 kobolds
  6 rats
77 creatures vanquished.

Notes
Turn   | Place    | Note
--------------------------------------------------------------
     0 | D:1      | Quh, the Minotaur Berserker, began the quest for the Orb.
     0 | D:1      | Reached XP level 1. HP: 19/19 MP: 1/1
   241 | D:1      | Reached skill level 4 in Polearms
   469 | D:1      | Reached XP level 2. HP: 21/26 MP: 1/1
   897 | D:1      | Acquired Trog's second power
   996 | D:2      | Reached skill level 5 in Polearms
  1231 | D:2      | Found a basalt altar of Yredelemnul.
  1282 | D:2      | Reached XP level 3. HP: 26/31 MP: 2/2
  1283 | D:2      | Noticed Sigmund
  1297 | D:2      | Killed Sigmund
  1297 | D:2      | Reached skill level 6 in Polearms
  1297 | D:2      | Reached XP level 4. HP: 31/39 MP: 2/2
  1729 | D:2      | Reached XP level 5. HP: 35/45 MP: 2/2
  1977 | D:3      | Reached skill level 7 in Polearms
  2237 | D:3      | HP: 1/45 [orc priest/divine providence (15)]
  2238 | D:3      | Reached skill level 1 in Evocations
  2260 | D:3      | HP: 2/45 [poisoned by an adder]
  2425 | D:3      | Reached XP level 6. HP: 32/51 MP: 5/5
  2824 | D:4      | Found a blossoming altar of Fedhas.
  2835 | D:4      | Acquired Trog's third power
  2924 | D:4      | Reached skill level 8 in Polearms
  3289 | D:4      | HP: 2/51 [poisoned by a kobold]
  3289 | D:4      | Slain by a kobold

Action                   |  1- 3 |  4- 6 || total
-------------------------+-------+-------++-------
Melee: Spear             |    74 |     3 ||    77
       Scythe            |       |   118 ||   118
Throw: Dart              |       |     2 ||     2
Invok: Berserk           |     1 |     1 ||     2
       Trog's Hand       |       |     2 ||     2
  Use: Potion            |       |     1 ||     1
       Scroll            |       |     3 ||     3
 Stab: Sleeping          |       |     1 ||     1
